 Dungeon Crawl Stone Soup version 0.22-a0-601-gb0ed703 (webtiles) character file.

95 ChildAmbition the Sneak (level 4, -4/30 HPs)
             Began as an Octopode Assassin on July 6, 2018.
             Slain by an orc
             ... wielding a +0 trident
              (6 damage)
             ... on level 3 of the Dungeon.
             The game lasted 00:06:29 (3291 turns).

ChildAmbition the Sneak (Octopode Assassin)         Turns: 3291, Time: 00:06:30

Health: -4/30      AC:  1    Str: 11    XL:     4   Next: 65%
Magic:  4/4        EV: 11    Int: 15    God:
Gold:   60         SH:  0    Dex: 13    Spells: 3/3 levels left

rFire    . . .     SeeInvis .   a - +2 dagger
rCold    . . .     Gourm    .   (no shield)
rNeg     . . .     Faith    .   (helmet restricted)
rPois    .         Spirit   .   (no amulet)
rElec    .         Reflect  .   g - -2 ring of evasion
rCorr    .         Harm     .   (no ring)
MR       .....                  (no ring)
Stlth    ++++......             (no ring)
HPRegen  0.10/turn              (no ring)
MPRegen  0.09/turn              (no ring)
                                (no ring)
                                (no ring)

@: no status effects
A: almost no armour, stealthy swim, amphibious, 8 rings, constrict 8, tentacle
spike 1, camouflage 1, blurry vision 2, clever 1, gelatinous body 1
a: no special abilities


You were on level 3 of the Dungeon.
You were hungry.

You visited 1 branch of the dungeon, and saw 3 of its levels.

You collected 60 gold pieces.

Inventory:

Hand Weapons
 a - a +2 dagger (weapon)
 b - a +0 blowgun
Missiles
 c - 8 poisoned needles
 d - 2 curare-tipped needles
Jewellery
 g - a -2 ring of evasion (left tentacle)
Scrolls
 e - a scroll of immolation
 i - 4 scrolls of identify
 l - a scroll of amnesia {unknown}
 m - a scroll of magic mapping
Potions
 h - a potion of ambrosia
 j - a potion of curing
 k - a potion of haste
Comestibles
 f - 4 rations


   Skills:
 + Level 2.4 Fighting
 + Level 2.4 Short Blades
 + Level 2.1 Throwing
 + Level 1.4 Dodging
 + Level 7.2 Stealth


You had 3 spell levels left.
You didn't know any spells.
Your spell library was empty.

Dungeon Overview and Level Annotations

Branches:
Dungeon (3/15)

Altars:


Innate Abilities, Weirdness & Mutations

You cannot wear most types of armour.
You are very stealthy in the water. (Stealth+)
You are amphibious.
You can wear up to eight rings at the same time.
You can use your tentacles to constrict eight enemies at once.
Your skin changes colour to match your surroundings (Stealth+).
Your rubbery body absorbs attacks. (AC +1, EV +1)
One of your tentacles bears a spike.
Scrolls take you longer to read.
Your mind is acute. (Int +2)


Message History

The orc priest looks braver for a moment.
The orc throws a tomahawk.
The tomahawk closely misses you.
The orc priest calls down the wrath of Beogh upon you.
Pain shoots through your body!
You see here a tomahawk.
You see here a tomahawk.
The orc hits you with a flail.
The orc priest looks satisfied for a moment.
The orc hits you from afar with a trident.
The orc closely misses you.
The orc priest calls down the wrath of Beogh upon you.
Beogh smites you!
Ouch! That really hurt!
* * * LOW HITPOINT WARNING * * *
You hit the orc. Your grab misses the orc. Your squeeze misses the orc.
The orc is heavily wounded.
The orc hits you with a flail.
* * * LOW HITPOINT WARNING * * *
The orc hits you from afar with a trident.
You die...

.....#
##...o/..(.............#
##.#####........).....#
.. #o..............# .
##................
###oo.#..........### .
##..o#######.###### ..
#..#@# #.# ... #.##.#
#.# ... .... #.##.# ..#
....#.....##....# .##
.....#........#### ..
.##.....#####.#
.......#####..#
.........##..##
.........#..##


You could see 4 orcs.

Vanquished Creatures
  4 adders
  A worm (D:2)
  3 leopard geckos
  3 giant cockroaches
  7 goblins
  11 hobgoblins
  A quokka (D:3)
  2 ball pythons
  7 bats
  4 frilled lizards
  5 kobolds
  4 rats
52 creatures vanquished.

Notes
Turn   | Place    | Note
-------+----------+-------------------------------------------
     0 | D:1      | ChildAmbition the Octopode Assassin began the quest for the Orb.
     0 | D:1      | Reached XP level 1. HP: 14/14 MP: 1/1
   647 | D:1      | Reached XP level 2. HP: 18/19 MP: 2/2
   690 | D:1      | Reached skill level 6 in Stealth
  1331 | D:1      | Reached XP level 3. HP: 24/24 MP: 3/3
  1837 | D:2      | Reached XP level 4. HP: 30/30 MP: 4/4
  1858 | D:2      | Gained mutation: Scrolls take you a little longer to read. [potion of mutation]
  1858 | D:2      | Gained mutation: Scrolls take you longer to read. [potion of mutation]
  1858 | D:2      | Gained mutation: One of your tentacles bears a spike. [potion of mutation]
  1858 | D:2      | Gained mutation: Your mind is acute. (Int +2) [potion of mutation]
  1866 | D:2      | Reached skill level 7 in Stealth
  3291 | D:3      | Slain by an orc

Vault maps used:
D:1:      sevenhm_arrival_forest_fort_small_5
D:2:      minmay_misc_feat_diagonals
D:3:      zin_statuary, first_ration, minivault_19, minmay_close_crescents

Skill      XL: |  1  2  3  4 |
---------------+-------------+-----
Stealth        | 6 7 |  7.2
Fighting       | |  2.4
Short Blades   | |  2.4
Throwing       | |  2.1
Dodging        | |  1.4

Action                   |  1- 3 |  4- 6 || total
-------------------------+-------+-------++-------
Melee: Dagger            |    61 |    42 ||   103
       Constrict         |    14 |     8 ||    22
       Tentacles         |     8 |     3 ||    11
       Kick              |       |    11 ||    11
  Use: Scroll            |     3 |     3 ||     6
       Potion            |     1 |     6 ||     7
 Stab: Sleeping          |    13 |     4 ||    17
  Eat: Chunk             |     3 |       ||     3
       Ration            |       |     1 ||     1
Armor: Skin              |     7 |     2 ||     9
Dodge: Dodged            |    32 |    26 ||    58

Table legend:
 A = Spawn XP
 B = Non-spawn XP
 C = Spawn XP percentage of total XP
 D = Spawn monster count
 E = Non-spawn monster count
 F = Spawn count percentage of total count
 G = Total turns spent on level
                    A         B        C        D         E        F      G
               +---------+---------+-------+---------+---------+-------+---------
         Total |       0 |     136 |   0.0 |       0 |      52 |   0.0 |  3291
               +---------+---------+-------+---------+---------+-------+---------
           D:1 |       0 |      35 |   0.0 |       0 |      20 |   0.0 |  1509
           D:2 |       0 |      74 |   0.0 |       0 |      22 |   0.0 |  1385
           D:3 |       0 |      27 |   0.0 |       0 |      10 |   0.0 |   397
               +---------+---------+-------+---------+---------+-------+---------
